 Dungeon Crawl Stone Soup version 0.28-a0-1638-g9123634e07 (webtiles) character file.

Game seed: 908923459773694139

22 lonewolfV2 the Cutter (level 2, 0/15 HPs)
             Began as a Vampire Gladiator on Jan 25, 2022.
             Constricted to death by a ball python (1 damage)
             ... on level 2 of the Dungeon.
             The game lasted 00:02:29 (1227 turns).

lonewolfV2 the Cutter (Vampire Gladiator)           Turns: 1227, Time: 00:02:30

Health: 0/15       AC:  4    Str: 13    XL:     2   Next: 68%
Magic:  2/2        EV: 10    Int: 10    God:
Gold:   9          SH:  0    Dex: 15    Spells: 1/1 levels left

rFire   + . .      SeeInvis +   a - +0 rapier
rCold   + + +      Faith    .   (no shield)
rNeg    + + +      Spirit   .   b - +0 leather armour
rPois   ∞          Reflect  .   c - +0 helmet
rElec   .          Harm     .   g - scarf {rC+ rF+}
rCorr   .          Rampage  .   (no gloves)
Will    .....                   (no boots)
Stlth   +++.......              (no amulet)
HPRegen 0.00/turn               (no ring)
MPRegen 0.08/turn               (no ring)

@: bloodless, inhibited regen, constricted
A: bloodless, fangs 3, see invisible, vampiric 1, [frail 1]
a: Revivify


You were on level 2 of the Dungeon.
You visited 1 branch of the dungeon, and saw 2 of its levels.

You collected 9 gold pieces.

Inventory:

Hand Weapons
 a - a +0 rapier (weapon)
Missiles
 d - 3 throwing nets (quivered)
Armour
 b - a +0 leather armour (worn)
 c - a +0 helmet (worn)
 g - a scarf of resistance (worn)
Potions
 e - a potion of might {unknown}
 k - a potion of curing {unknown}


   Skills:
 + Level 2.2 Fighting
 + Level 3.7 Short Blades
 + Level 1.7 Throwing
 + Level 3.6 Dodging


You had one spell level left.
You didn't know any spells.
Your spell library contained the following spells:

 Spells                   Type           Power      Damage    Failure   Level
 Summon Small Mammal      Summ           0%         N/A       43%         1
 Call Canine Familiar     Summ           0%         N/A       82%         3
 Summon Guardian Golem    Hex/Summ       0%         N/A       82%         3


Dungeon Overview and Level Annotations

Branches:
Dungeon (2/15)

Altars:


Innate Abilities, Weirdness & Mutations

You do not regenerate when monsters are visible.
You are frail without blood (-20% HP).
You can heal yourself when you bite living creatures.
You are immune to poison.
You have razor-sharp teeth.
You have supernaturally acute eyesight. (SInv)
You are afflicted with vampirism.
[You are frail. (-10% HP)]


Message History

The ball python constricts you. The frilled lizard bites you.
The ball python bites you but does no damage.
Keep bloodletting?
The ball python constricts you. The goblin misses you.
The frilled lizard barely misses you.
You begin bloodletting.
You continue bloodletting.
The ball python closely misses you. The ball python constricts you.
The goblin hits you but does no damage. The dart slug barely misses you.
The ball python barely misses you. The ball python constricts you.
The frilled lizard bites you but does no damage.
You continue bloodletting.
The goblin barely misses you. The ball python bites you.
The ball python constricts you. The dart slug closely misses you.
The frilled lizard barely misses you.
You continue bloodletting.
The goblin hits you with a +0 dagger. The ball python bites you.
The ball python constricts you. The frilled lizard barely misses you.
You continue bloodletting.
The goblin hits you but does no damage. The ball python barely misses you.
The ball python constricts you. The dart slug bites you.
The goblin hits you but does no damage. The frilled lizard barely misses you.
You continue bloodletting.
The goblin closely misses you. The ball python closely misses you.
The ball python constricts you. The goblin hits you but does no damage.
The dart slug closely misses you. The frilled lizard bites you.
You become bloodless.
You barely miss the goblin.
The ball python bites you but does no damage.
The ball python constricts you.
The goblin hits you but does no damage. x2
The ball python closely misses you. The ball python constricts you.
The frilled lizard bites you.
* * * LOW HITPOINT WARNING * * *
The dart slug bites you but does no damage.
You barely miss the goblin. Your bite misses the goblin.
The goblin hits you with a +0 dagger.
* * * LOW HITPOINT WARNING * * *
The goblin hits you with a +0 dagger.
* * * LOW HITPOINT WARNING * * *
The ball python misses you. The ball python constricts you.
You die...

...!. .....#
.....###....# .
#.....#?...# ..
#.....#....###.#.
#.....#.#........
#.....#.#.......#
#......)..g......
#...<..S@l......
#.........gw......
...................
##...#####.........
#... .......... #..
.....###... P#.
.....# ... ##.
......# ..


You could see a dart slug, 2 goblins, a ball python and a frilled lizard.

Vanquished Creatures
  A dart slug (D:1)
  A bat (D:1)
  2 endoplasms (D:1)
  A giant cockroach (D:1)
  2 goblins
  3 hobgoblins
  A quokka (D:1)
  3 ball pythons (D:1)
  A frilled lizard (D:1)
  A kobold (D:1)
  2 rats (D:1)
18 creatures vanquished.

Notes
Turn   | Place    | Note
-------+----------+-------------------------------------------
     0 | D:1      | lonewolfV2 the Vampire Gladiator began the quest for the
                  | Orb.
     0 | D:1      | Reached XP level 1. HP: 16/16 MP: 1/1
   262 | D:1      | Reached XP level 2. HP: 17/17 MP: 2/2
   294 | D:1      | Found a faded altar of an unknown god.
  1227 | D:2      | Constricted to death by a ball python

Illustrated notes

Levels and vault maps discovered:
D:1:      lemuel_arrival_muddy, layout_basic, nicolae_ecumenical_snake_handling
D:2:      layout_basic, serial_aquarium, aquarium_bridge_straight
          [aquarium_subvault_bridge, aquarium_subvault_balcony,
          aquarium_subvault_bridge, aquarium_subvault_balcony],
          aquarium_window_1, aquarium_window_corner, aquarium_window_1,
          aquarium_view_2b, aquarium_view_2c, aquarium_pool_1, minmay_unequal,
          uniq_natasha

Skill      XL: |  1 |
---------------+----+-----
Fighting       | 2 |  2.2
Short Blades   | |  3.7
Throwing       | |  1.7
Dodging        | |  3.6

Action                   || total
-------------------------++-------
Melee: Rapier            ||    48
       Bite              ||     4
Throw: Throwing net      ||     1
 Abil: Exsanguinate      ||     2
       Revivify          ||     1
  Use: Scroll            ||     4
Armor: Leather armour    ||    25
Dodge: Dodged            ||    48

Table legend: (Time is in decaauts)
 A = Elapsed time spent in this place.
 B = Non-inter-level travel time spent in this place.
 C = Inter-level travel time spent in this place.
 D = Time resting spent in this place.
 E = Time spent auto-exploring this place.
 F = Levels seen in this place.
 G = Mean time per level.
                   A        B        C        D        E       F      G
               +--------+--------+--------+--------+--------+-----+--------+
         Total |   1229 |   1213 |     16 |    304 |    701 |   2 |  614.5 |
       Dungeon |   1229 |   1213 |     16 |    304 |    701 |   2 |  614.5 |
               +--------+--------+--------+--------+--------+-----+--------+

Top non-repeatable levels by time:
     D:1: 1210 daAuts
     D:2: 18 daAuts
